 Dungeon Crawl Stone Soup version 0.31.0-32-g396128a36d (webtiles) character file.

Game seed: 14359665656987682841

527 zeteo the Digger (level 7, -6/48 HPs)
             Began as a Barachi Earth Elementalist on Apr 6, 2024.
             Killed by divine providence
             ... invoked by an orc priest
              (14 damage)
             ... on level 4 of the Dungeon.
             The game lasted 00:31:07 (4886 turns).

zeteo the Digger (Barachi Earth Elementalist)       Turns: 4886, Time: 00:31:08

Health: -6/48      AC:  5    Str:  9    XL:     7   Next: 23%
Magic:  0/12       EV: 12    Int: 17    God:
Gold:   175        SH:  0    Dex: 13    Spells: 9/13 levels left

rFire   + + .        t - +1 trident (protect)
rCold   + + .        s - +0 buckler
rNeg    . . .        a - +0 robe
rPois   +            u - +0 helmet
rElec   +            (no cloak)
rCorr   +            r - +0 pair of gloves
SInv    .            o - +0 pair of boots
Will    .....        f - amulet of guardian spirit
Stlth   +            q - ring of protection from cold
HPRegen 0.28/turn    y - ring of protection from fire
MPRegen 0.13/turn

%: guardian spirit
@: confused, resistant, unable to hop, slow
A: amphibious, slowness 1, strong legs 1, +LOS
a: Hop


You were on level 4 of the Dungeon.
You visited 1 branch of the dungeon, and saw 4 of its levels.

You collected 175 gold pieces.

Inventory:

Hand Weapons
 b - a +0 scythe of distortion
 m - a +0 dagger
 t - a +1 trident of protection (weapon)
 z - a +2 trident of venom
Missiles
 e - 39 stones
Armour
 a - a +0 robe (worn)
 o - a +0 pair of boots (worn)
 r - a +0 pair of gloves (worn)
 s - a +0 buckler (worn)
 u - a +0 helmet (worn)
Jewellery
 f - an amulet of guardian spirit (around neck)
 q - a ring of protection from cold (left hand)
 y - a ring of protection from fire (right hand)
Wands
 w - a wand of polymorph (13)
 A - a wand of acid (10)
Scrolls
 c - 2 scrolls of fear {unknown}
 d - 3 scrolls of identify
 g - a scroll of enchant weapon {unknown}
 h - a scroll of revelation {unknown}
 n - a scroll of enchant armour {unknown}
 v - a scroll of teleportation {unknown}
Potions
 i - 2 potions of resistance
 j - a potion of experience {unknown}
 k - a potion of heal wounds {unknown}
 l - 2 potions of mutation {unknown}
 p - 2 potions of lignification {unknown}
 x - 2 potions of haste {unknown}


   Skills:
 + Level 1.4 Fighting
 + Level 2.0 Polearms
 + Level 3.8 Dodging
 + Level 3.3 Stealth
 + Level 2.3 Shields
 + Level 3.6 Spellcasting
 + Level 3.1 Conjurations
 + Level 4.0 Earth Magic


You had 9 spell levels left.
You knew the following spells:

 Your Spells              Type           Power      Damage    Failure   Level
a - Sandblast             Erth           32%        2d9       4%          1
b - Stone Arrow           Conj/Erth      30%        3d8       17%         3

Your spell library contained the following spells:

 Spells                   Type           Power      Damage    Failure   Level
 Passwall                 Erth           16%        N/A       14%         3
 Static Discharge         Conj/Air       16%        3-4/arc   21%         2
 Brom's Barrelling Bould  Conj/Erth      15%        2d4       50%         4
 Petrify                  Alch/Erth      9%         N/A       71%         4
 Airstrike                Air            1%         2d(1-17)  94%         4
 Summon Lightning Spire   Summ/Air       3%         N/A       94%         4


Dungeon Overview and Level Annotations

Branches:
Dungeon (4/15)
 Temple: D:4-7

Altars:
Hepliaklqana

Annotations:
D:2 1 runed translucent door, Crazy Yiuf


Innate Abilities, Weirdness & Mutations

You are amphibious.
You cover ground slowly.
You can hop short distances.
You have an extended range of vision and can be seen from far away.


Message History

The orc priest invokes the aid of Beogh against you.
Beogh smites you!
Things that are here:
a +0 dagger; a goblin corpse The orc wizard casts a spell.
The orc wizard flickers and vanishes!
Deactivating autopickup; reactivate with Ctrl-A.
The orc wizard casts a spell at you.
The magic dart hits something.
The orc priest invokes the aid of Beogh against you.
Beogh smites you!
Unknown command.
Hop to where?
Press: ? - help, Dir - move target Boing! 2 orcs come into view.
Something tries to affect you, but you resist.
Unknown command.
An orc wizard appears from thin air!
Reactivating autopickup.
The orc wizard gestures at you while chanting.
The puff of flame hits you. You resist.
The orc priest miscasts a cantrip.
You see here a ball python corpse.
The orc priest calls down the wrath of Beogh upon you.
Beogh smites you!
The orc priest invokes the aid of Beogh against you.
Beogh smites you!
The orc shouts!
The orc wizard casts a spell at you.
You are confused.
You bump into the rock wall.
The orc priest invokes the aid of Beogh against you.
Beogh smites you!
* * * LOW HITPOINT WARNING * * *
It was a potion of resistance.
You feel protected.
The orc priest mumbles some strange prayers to Beogh against you.
Beogh smites you!
You die...

.....##.###.# #.......#####.
#######.....# ###..#### #.
##.#### ##.# #. # #.# #.# ##. ##
#.# #.# ##.. .## #.# ##.# ##...
..######.### ##..# #....
...#.......##########o..####.....
...'............@...†o.....'.....
...#.##....##########o..####...B.
..##.##..#.# ##..# #....
.###.##.##.# ##.# ##..o ##
#.......# #.# ##.. # ####.####
#.# ##+ #.# #.# #. #.# #o# #. #
#.# #.# ##.


You could see an orc priest, an orc wizard and an orc.

Vanquished Creatures
  Sigmund (D:2)
  A howler monkey (D:4)
  3 bombardier beetles (D:3)
  A hound (D:3)
  An orc priest (D:4)
  An orc wizard (D:4)
  Terence (D:3)
  Robin (D:2)
  2 adders
  2 dart slugs (D:2)
  3 ribbon worms
  8 orcs
  5 ball pythons
  9 bats
  7 endoplasms
  3 giant cockroaches
  11 goblins
  15 hobgoblins
  3 kobolds
  3 quokkas
  5 frilled lizards
  6 rats
  A spectral orc (D:3)
93 creatures vanquished.

Notes
Turn   | Place    | Note
-------+----------+-------------------------------------------
     0 | D:1      | zeteo the Barachi Earth Elementalist began the quest for
                  | the Orb.
     0 | D:1      | Reached XP level 1. HP: 13/13 MP: 3/3
   315 | D:1      | Reached XP level 2. HP: 17/19 MP: 1/5
  1114 | D:2      | Reached XP level 3. HP: 21/24 MP: 3/6
  1368 | D:2      | Noticed Robin
  2251 | D:2      | Learned a level 3 spell: Stone Arrow
  2483 | D:2      | Killed Robin
  2484 | D:2      | Reached XP level 4. HP: 30/30 MP: 1/8
  2608 | D:2      | Noticed Sigmund
  2623 | D:2      | Killed Sigmund
  2624 | D:2      | Reached skill level 1 in Polearms
  2624 | D:2      | Reached skill level 1 in Shields
  2624 | D:2      | Reached XP level 5. HP: 21/35 MP: 3/9
  2734 | D:2      | Found a runed translucent door.
  2735 | D:2      | Noticed Crazy Yiuf
  2831 | D:3      | Reached XP level 6. HP: 40/41 MP: 2/10
  2901 | D:3      | Noticed Terence
  3321 | D:3      | Killed Terence
  3780 | D:3      | Reached skill level 1 in Fighting
  3945 | D:3      | Found a hazy altar of Hepliaklqana.
  4231 | D:4      | Reached XP level 7. HP: 29/47 MP: 7/12
  4344 | D:4      | Reached skill level 4 in Earth Magic
  4886 | D:4      | Killed from afar by an orc priest

Illustrated notes

Levels and vault maps discovered:
D:1:      tarquinn_simple_flora_water_a, layout_loops_corners
D:2:      layout_rooms, nicolae_kite_square_tiling_tiny, grunt_ministairs_10,
          uniq_robin, uniq_sigmund, uniq_crazy_yiuf_cottage
D:3:      layout_rooms, nicolae_hepliaklqana_monster_ancestors, serial_bayou,
          serial_bayou_lagoon_a, serial_bayou_pond_b, serial_bayou_pond_c,
          serial_bayou_pond_e, serial_bayou_ford_a, serial_bayou_lagoon_b,
          roderic_roman_lattice, grunt_ministairs_3, roderic_batcave,
          uniq_terence
D:4:      layout_loops_corners, mainiacjoe_overflow_tiny_flanked

Skill      XL: |  1  2  3  4  5  6  7 |
---------------+----------------------+-----
Stealth        | 2 3 |  3.3
Conjurations   | 2 3 |  3.1
Polearms       | 1 2 |  2.0
Dodging        | 3 |  3.8
Shields        | 1 2 |  2.3
Spellcasting   | 3 |  3.6
Fighting       | 1 |  1.4
Earth Magic    | 4 |  4.0

Action                     |  1- 3 |  4- 6 |  7- 9 || total
---------------------------+-------+-------+-------++-------
  Melee: Unarmed           |     3 |       |       ||     3
         Trident           |       |   125 |    47 ||   172
   Cast: Sandblast         |    69 |    28 |     3 ||   100
         Stone Arrow       |     2 |     4 |     1 ||     7
Ability: Hop               |       |       |     1 ||     1
    Use: Potion            |       |     2 |     1 ||     3
         Scroll            |       |     1 |       ||     1
   Stab: Sleeping          |       |     3 |     2 ||     5
 Armour: Robe              |    29 |    68 |    23 ||   120
  Dodge: Dodged            |    20 |    67 |    22 ||   109
  Block: Buckler           |       |    34 |     6 ||    40
